Map: Neon Violet Square LE

Players

JohnSnow - Winner!

  • Race: Terran Terran
  • Spawn Location: 5:00

A.I. 1 (Harder)

  • Race: Terran Terran
  • Spawn Location: 11:00

VOD

Have the link to the VOD?

Description

Time

  • Played on: Jan. 14, 2018, 10:44 p.m.
  • Length: 15:55
Show
View Real Time Build Order
Export as new Build Order

JohnSnow Terran - Winner!

Build Orders: Reaper Expand, MMM Bio 

Get SALT Encoding   

  12  0:01  SCV  
  13  0:16  SCV  
  13  0:20  Supply Depot  
  14  0:28  SCV  
  15  0:42  SCV  
  16  0:45  Barracks  
  16  0:49  Refinery  
  16  1:13  SCV  
  17  1:25  Refinery, SCV  
  18  1:37  SCV  
  19  1:42  Command Center  
  19  1:45  Reaper  
  20  1:51  SCV  
  21  2:07  Orbital Command  
  21  2:20  Barracks Reactor, Barracks  
  21  2:41  SCV  
  22  2:53  SCV  
  22  2:58  Orbital Command  
  23  3:07  SCV  
  24  3:17  Factory  
  24  3:19  SCV  
  25  3:30  Barracks Tech Lab  
  25  3:31  SCV  
  26  3:34  Supply Depot  
  26  3:43  SCV  
  26  3:48  Barracks  
  27  3:52  Marine x2  
  29  3:58  SCV  
  29  3:59  SCV  
  31  4:04  Factory Reactor  
  31  4:11  SCV x2, Starport  
  31  4:14  Stimpack  
  33  4:23  SCV x2  
  35  4:36  Barracks  
  35  4:40  Supply Depot  
  35  4:49  SCV x2  
  35  4:50  Supply Depot  
  37  4:57  Refinery  
  37  5:01  SCV x2  
  39  5:29  Supply Depot  
  39  5:37  Factory Tech Lab  
  39  5:41  Barracks Reactor  
  39  5:43  Barracks Reactor  
  39  5:51  Supply Depot  
  39  5:53  Engineering Bay  
  39  5:57  Engineering Bay  
  39  6:04  Marine x2  
  39  6:06  Marauder  
  39  6:08  Siege Tank  
  46  6:12  Medivac x2  
  46  6:14  Supply Depot  
  50  6:19  Bunker  
  50  6:28  Marauder  
  47  6:40  Siege Tank, Marine  
  47  6:41  Marine x5  
  52  6:49  Marauder  
  51  6:58  Marine x2  
  51  6:59  Marine x4  
  49  7:10  Marine  
  49  7:14  Orbital Command  
  50  7:16  Marine x3  
  50  7:17  Marine x3  
  56  7:28  Marine  
  57  7:34  Marine x4  
  57  7:35  Marine x2  
  57  7:36  SCV  
  64  7:46  Marine  
  64  7:48  SCV  
  66  7:55  Refinery  
  67  7:58  SCV  
  67  8:01  SCV  
  68  8:06  Marine x4  
  68  8:08  Marauder  
  68  8:09  Siege Tank  
  68  8:10  SCV  
  68  8:11  Medivac  
  68  8:12  Medivac  
  82  8:13  SCV  
  83  8:27  Bunker  
  83  8:29  Marauder  
  83  8:33  Marine  
  86  8:41  Terran Infantry Weapons Level 1  
  86  8:48  Supply Depot  
  86  8:57  Supply Depot  
  86  9:03  Missile Turret  
  86  9:09  Marine x6  
  94  9:10  Marauder  
  94  9:18  Siege Tank, Supply Depot  
  94  9:20  Supply Depot  
  94  9:22  Medivac  
  99  9:26  Supply Depot  
  99  9:27  Marine x2  
  101  9:38  SCV  
  102  9:39  SCV, Marauder  
  105  9:50  SCV, Siege Tank  
  105  9:51  SCV  
  110  9:57  Command Center  
  110  10:01  Marauder  
  112  10:09  Terran Infantry Armor Level 1  
  112  10:18  Armory  
  112  10:20  Supply Depot  
  112  10:22  Marauder  
  114  10:31  Combat Shields  
  114  10:40  Marine x4  
  118  10:43  Siege Tank  
  118  10:44  Medivac, Marauder  
  118  10:45  Medivac  
  127  10:50  SCV x2  
  129  11:00  Marine x3  
  129  11:01  Marine  
  129  11:02  SCV  
  134  11:09  SCV, Marauder  
  137  11:15  Siege Tank  
  140  11:26  Supply Depot  
  140  11:30  Marauder  
  142  11:49  Supply Depot  
  142  11:52  Marauder  
  144  11:58  Missile Turret  
  144  12:00  Missile Turret  
  144  12:12  Supply Depot  
  144  12:13  Marauder  
  146  12:30  SCV  
  146  12:31  SCV x2  
  146  12:34  Terran Infantry Weapons Level 2, Supply Depot  
  149  12:37  Terran Infantry Armor Level 2  
  149  12:42  SCV, Terran Vehicle Weapons Level 1  
  149  12:43  SCV x2  
  152  12:55  SCV x2  
  134  13:52  Marine x4  
  134  13:53  Marine x3  
  140  13:56  Siege Tank, Medivac  
  140  13:57  Medivac  
  147  14:06  SCV x3  
  150  14:10  Marine  
  151  14:18  SCV x3  
  147  14:28  Siege Tank  
  137  14:52  SCV x3  
  135  15:04  SCV x2  
  135  15:05  SCV  
  134  15:16  SCV x2  
  134  15:17  SCV  
  134  15:18  Marine x5  
  134  15:19  Marine x2  
  144  15:21  Siege Tank  
  144  15:23  Medivac x2  
  148  15:36  Marine x2  
Show
View Real Time Build Order
Export as new Build Order

A.I. 1 (Harder) Terran 

Build Orders: MMM Bio 

Get SALT Encoding   

  12  0:00  SCV  
  13  0:13  SCV  
  14  0:20  Supply Depot  
  14  0:25  SCV  
  15  0:41  SCV  
  15  0:42  Barracks  
  16  0:49  Refinery  
  16  0:54  SCV  
  17  1:06  SCV  
  18  1:18  SCV  
  19  1:20  Supply Depot  
  19  1:30  SCV, Marine  
  21  1:41  Barracks  
  21  1:43  Orbital Command  
  21  1:48  Barracks Tech Lab  
  21  1:49  Refinery  
  21  2:07  Marine  
  22  2:09  Supply Depot  
  22  2:25  Marauder  
  22  2:27  Marine  
  25  2:45  Marine  
  25  2:46  Marine  
  25  2:47  Supply Depot  
  27  3:03  Marine  
  27  3:04  Marauder  
  30  3:15  Supply Depot  
  30  3:20  Marine  
  30  3:24  SCV  
  30  3:25  Marine  
  33  3:36  SCV, Engineering Bay  
  33  3:38  Marine  
  35  3:44  Marauder  
  35  3:48  SCV  
  38  3:56  Marine  
  38  4:00  SCV  
  40  4:05  Marauder  
  40  4:07  Supply Depot  
  42  4:12  SCV  
  42  4:14  Marine  
  44  4:24  SCV  
  44  4:26  Marine  
  46  4:44  Marauder  
  48  5:05  Marauder  
  50  5:41  Barracks Tech Lab  
  50  5:42  Stimpack, Marine  
  51  5:43  Factory, Terran Infantry Weapons Level 1  
  51  5:45  Ghost Academy  
  51  5:48  Factory  
  51  5:49  Command Center  
  51  5:59  Combat Shields, Marine  
  51  6:00  Marine  
  53  6:15  Supply Depot  
  53  6:17  Ghost  
  53  6:18  Marine  
  56  6:22  Missile Turret  
  56  6:28  Missile Turret  
  56  6:29  Factory Tech Lab  
  56  6:30  Starport  
  56  6:35  Starport, Ghost, Factory Tech Lab  
  55  6:46  Marine  
  56  6:50  Bunker  
  56  7:02  SCV x2  
  56  7:03  Refinery  
  56  7:04  Marauder, Marine  
  55  7:14  SCV  
  51  7:15  Missile Turret, Starport Tech Lab x2, SCV  
  51  7:18  Concussive Shells  
  54  7:22  Marauder  
  54  7:25  Marine  
  54  7:26  SCV  
  54  7:28  SCV  
  57  7:34  Raven  
  57  7:37  Terran Infantry Armor Level 1  
  57  7:38  SCV  
  57  7:40  SCV  
  57  7:44  Marauder x2  
  63  7:50  SCV  
  64  7:53  SCV  
  65  8:02  SCV, Raven  
  65  8:05  SCV, Marauder, Marine  
  72  8:12  Missile Turret  
  72  8:15  SCV  
  72  8:17  SCV  
  74  8:22  Sensor Tower  
  74  8:23  Marauder  
  77  8:27  SCV  
  77  8:30  Armory  
  77  8:33  Supply Depot  
  77  8:34  SCV  
  78  8:39  SCV  
  79  8:42  Bunker  
  79  8:49  Barracks  
  79  9:16  Refinery  
  79  9:37  Barracks Reactor  
  79  9:38  SCV  
  80  9:50  Viking  
  82  9:53  Starport  
  82  9:54  Supply Depot  
  82  9:56  Siege Tank  
  82  9:58  Medivac, Factory, Command Center  
  87  10:02  Widow Mine  
  89  10:12  Liberator  
  89  10:17  Supply Depot  
  89  10:20  Viking  
  91  10:28  Medivac  
  96  10:41  Supply Depot, Factory Tech Lab  
  96  10:46  Siege Tank  
  99  10:50  Medivac  
  101  10:58  Siege Tank, Raven  
  101  11:03  Supply Depot  
  108  11:04  Widow Mine  
  108  11:11  SCV x3  
  111  11:15  Refinery, Starport Reactor  
  111  11:19  Thor  
  111  11:20  Refinery  
  111  11:23  SCV  
  111  11:24  SCV x2  
  120  11:26  Viking  
  122  11:34  Liberator  
  122  11:35  SCV  
  122  11:36  SCV x2  
  122  11:38  Supply Depot  
  125  11:41  Viking  
  127  11:47  SCV  
  127  11:48  SCV x2  
  133  11:56  Terran Infantry Weapons Level 2  
  133  11:59  SCV  
  133  12:00  SCV  
  135  12:02  SCV  
  135  12:03  Supply Depot  
  136  12:09  Missile Turret  
  136  12:11  SCV  
  136  12:12  Missile Turret  
  136  12:14  Terran Vehicle Weapons Level 1  
  137  12:20  Engineering Bay  
  137  12:33  Bunker  
  137  12:39  Fusion Core  
  137  12:45  Terran Infantry Armor Level 2  
  137  12:46  Armory  
  137  13:15  Liberator  
  137  13:33  Terran Vehicle And Ship Armor Level 1  
  125  13:36  SCV x2  
  125  13:37  SCV, Viking  
  125  13:38  Hellion x2, Marauder  
  125  13:39  Hellion  
  125  13:40  Marauder  
  111  13:45  Viking  
  111  13:46  Viking  
  86  13:51  Marine  
  74  13:59  Hellion, Marauder  
  74  14:01  Marine  
  74  14:02  Marauder  
  83  14:11  Marine  
  83  14:16  Viking  
  88  14:19  Marine  
  88  14:20  Hellion, Marine  
  88  14:21  Hellion  
  88  14:23  Command Center  
  79  14:25  Banshee  
  68  14:37  Marine  
  58  14:40  Marine  
  45  14:46  Medivac  
  45  14:50  Marine  
  45  14:52  Marine  
  44  14:53  Hellion  
  31  15:08  Banshee  
  31  15:16  Viking  
  18  15:34  SCV x2  
Tags
 
Add a new tag
Caveats
  • Supply blocks, unpowered buildings, or Contaminate may cause inaccurate times.
  • Supply counts are checked every 10 seconds.